[Event "Titled Tuesday Blitz April 05 Late 2022"]
[White "Sydoryka, Vladyslav"]
[Black "Ardila, Oscar Humberto"]
[WhiteFideId "14145928"]
[BlackFideId "4404742"]
[WhiteElo "2283"]
[BlackElo "1983"]
[Result "1-0"]
[Round "01"]
[TimeControl "180+1"]
[Date "2022.04.06"]
[WhiteClock "0:00:27"]
[BlackClock "0:00:03"]

1. c4 Nf6 2. g3 g6 3. Bg2 Bg7 4. Nc3 O-O 5. d3 d6 6. Nf3 Nbd7 7. O-O e5 8. Rb1 a5 9. a3 Re8 10. b4 axb4 11. axb4 Nf8 12. Qc2 Ne6 13. b5 Nd4 14. Nxd4 exd4 15. Nd5 Rb8 16. Ra1 Bg4 17. Bf3 Bxf3 18. exf3 Nxd5 19. cxd5 Qd7 20. Kg2 Qxb5 21. Qxc7 Qxd5 22. Ba3 Be5 23. Rfc1 b5 24. Rab1 Ra8 25. Bb4 g5 26. h3 h5 27. g4 h4 28. Bd2 Bf6 29. Qc6 Qe5 30. Rxb5 Qe6 31. Bxg5 Rac8 32. Qa6 Rxc1 33. Bxc1 Kg7 34. g5 Be5 35. f4 Qf5 36. fxe5 dxe5 37. Qh6+ Kg8 38. Rb6 Rc8 39. g6 Rc2 40. Qh7+ Kf8 41. g7+ Ke7 42. Qxf5 1-0


[Site "https://www.chess.com"]

[Event "Titled Tuesday Blitz April 05 Late 2022"]
[White "Szente Varga, Fruzsina"]
[Black "Herrera Reyes, Jose Antonio"]
[WhiteFideId "712264"]
[BlackFideId "2274914"]
[WhiteElo "1994"]
[BlackElo "2361"]
[Result "0-1"]
[Round "01"]
[TimeControl "180+1"]
[Date "2022.04.06"]
[WhiteClock "0:00:10"]
[BlackClock "0:00:10"]

1. e4 c5 2. Nf3 e6 3. b3 b6 4. Bb2 Bb7 5. Nc3 a6 6. d4 cxd4 7. Nxd4 Qc7 8. Qd2 Nf6 9. f3 Nc6 10. Nxc6 Bxc6 11. O-O-O Bb4 12. a3 Bc5 13. g4 O-O 14. h4 Rfc8 15. h5 b5 16. g5 Ne8 17. g6 Qb6 18. Kb1 Be3 19. gxf7+ Kxf7 20. Qg2 Nf6 21. e5 Ne8 22. Bd3 b4 23. axb4 Qxb4 24. Bxh7 Ke7 25. Bg6 Bh6 26. Ne4 Bxe4 27. Bxe4 Ra7 28. Ka2 Kd8 29. Ba3 Qa5 30. Qf2 Rcc7 31. Rd4 Qxe5 32. Rhd1 Kc8 33. Rb4 d5 34. Bd3 a5 35. Rb5 a4 36. Qb6 axb3+ 37. Rxb3 Nd6 38. Qb8+ Kd7 39. Bb5+ Nxb5 40. Qxb5+ Kd8 41. Qb4 Rxc2+ 42. Kb1 Rac7 43. Qb8+ Kd7 44. Qb5+ R2c6 45. Bb2 Qf5+ 46. Rbd3 Bf4 47. Ka2 Bd6 48. h6 gxh6 49. Qb3 Ra7+ 50. Kb1 Rac7 51. Qb5 Ke7 52. Qb8 Rc8 53. Qb7+ R6c7 54. Qb5 Kf7 55. Qb3 Rc6 56. Qa4 Rb6 57. Qh4 Rcb8 58. Rd2 Rxb2+ 59. Rxb2 Qxd3+ 60. Kc1 Rc8+ 61. Rc2 Qxc2# 0-1


[Site "https://www.chess.com"]

[Event "Titled Tuesday Blitz April 05 Late 2022"]
[White "Sztokbant, Bernardo Vainzoff"]
[Black "Dubov, Daniil"]
[WhiteFideId "2115956"]
[BlackFideId "24126055"]
[WhiteElo "2225"]
[BlackElo "2791"]
[Result "0-1"]
[Round "01"]
[TimeControl "180+1"]
[Date "2022.04.05"]
[WhiteClock "0:00:01"]
[BlackClock "0:00:10"]

1. e4 e5 2. Nf3 Nc6 3. Bb5 a6 4. Ba4 Nf6 5. O-O Bc5 6. Qe2 O-O 7. c3 d5 8. d3 Re8 9. Nbd2 Bg4 10. h3 Bh5 11. Re1 Ba7 12. Nf1 Bg6 13. Ng3 Nh5 14. Nxh5 Bxh5 15. Be3 b5 16. Bxa7 bxa4 17. Bc5 Rb8 18. Ba3 Qd7 19. Qe3 f6 20. Nh4 d4 21. Qg3 Kh8 22. Rac1 Red8 23. Nf5 Bg6 24. Nh4 Bf7 25. c4 Be6 26. f4 exf4 27. Qxf4 Ne5 28. Rcd1 Re8 29. Nf3 Bf7 30. Rf1 Bh5 31. g4 Bg6 32. Nh4 Bf7 33. Nf5 Be6 34. Ng3 h6 35. Nh5 Qf7 36. Rf2 Qg6 37. Rg2 Rbd8 38. Ng3 Qg5 39. Rf2 Ng6 40. Qxc7 Ne5 41. Bd6 Rc8 42. Qa7 Ng6 43. Qxd4 Rcd8 44. c5 Qh4 45. Kh2 Bxg4 46. Kg1 Bxd1 0-1


[Site "https://www.chess.com"]

[Event "Titled Tuesday Blitz April 05 Late 2022"]
[White "Taichman, Ori"]
[Black "Olenik Campa, Rudi"]
[WhiteFideId "2804069"]
[BlackFideId "14633264"]
[WhiteElo "2227"]
[BlackElo "2081"]
[Result "1-0"]
[Round "01"]
[TimeControl "180+1"]
[Date "2022.04.06"]
[WhiteClock "0:01:28"]
[BlackClock "0:00:32"]

1. e4 c5 2. Nf3 Nc6 3. Bb5 g6 4. c3 Nf6 5. e5 Nd5 6. d4 cxd4 7. Ng5 h6 8. Nxf7 Kxf7 9. Qf3+ Nf6 10. exf6 exf6 11. Qd5+ Kg7 12. cxd4 Nb4 13. Qb3 Qb6 14. Nc3 Qxd4 15. O-O Bd6 16. Re1 a6 17. Be3 Qh4 18. g3 Qg4 19. Bf4 Bf8 20. Be2 Qf5 21. a3 Nc6 22. Nd5 Nd4 23. Qc4 Ne6 24. g4 Qxd5 25. Qxd5 Nxf4 26. Qc4 g5 27. Bf3 d5 28. Qc7+ Kg6 29. Re8 Bd6 30. Qc2+ Kg7 31. Rae1 Bd7 32. R8e7+ Bxe7 33. Rxe7+ Kf8 34. Rxd7 1-0


[Site "https://www.chess.com"]

[Event "Titled Tuesday Blitz April 05 Late 2022"]
[White "Tanenbaum, Zachary"]
[Black "Miszler, Levente"]
[WhiteFideId "2060850"]
[BlackFideId "763276"]
[WhiteElo "2168"]
[BlackElo "1966"]
[Result "1-0"]
[Round "01"]
[TimeControl "180+1"]
[Date "2022.04.06"]
[WhiteClock "0:02:20"]
[BlackClock "0:01:00"]

1. e4 e6 2. d4 d5 3. Nc3 Nf6 4. Bg5 Be7 5. e5 Nfd7 6. h4 h6 7. Bxe7 Qxe7 8. Qg4 O-O 9. f4 c5 10. dxc5 Nxc5 11. O-O-O Nc6 12. Nf3 a6 13. Bd3 Nxd3+ 14. cxd3 b5 15. Kb1 b4 16. Ne2 f5 17. Qg3 a5 18. Rc1 Bb7 19. Qf2 a4 20. Qc5 Qxc5 21. Rxc5 Rfc8 22. Rhc1 Kf7 23. Ned4 Nxd4 24. Nxd4 Ba6 25. Rc7+ Rxc7 26. Rxc7+ Kg6 27. Nxe6 Bxd3+ 28. Kc1 Be4 29. Nxg7 d4 30. h5+ Kh7 31. Ne8+ Kg8 32. Nf6+ Kf8 33. e6 1-0


[Site "https://www.chess.com"]

[Event "Titled Tuesday Blitz April 05 Late 2022"]
[White "Tang, Andrew"]
[Black "Lewicki, Miroslaw"]
[WhiteFideId "2059630"]
[BlackFideId "1113380"]
[WhiteElo "2584"]
[BlackElo "2283"]
[Result "1-0"]
[Round "01"]
[TimeControl "180+1"]
[Date "2022.04.05"]
[WhiteClock "0:00:07"]
[BlackClock "0:00:03"]

1. d4 Nf6 2. c4 e6 3. Nc3 d5 4. cxd5 exd5 5. Bg5 Nbd7 6. e3 Be7 7. Bd3 h6 8. Bh4 O-O 9. Nge2 b6 10. O-O Bb7 11. Qc2 c5 12. Rad1 Rc8 13. f3 Re8 14. h3 Nh5 15. Bf2 cxd4 16. Nxd4 Ne5 17. Bb5 Rf8 18. Nf5 Bb4 19. Qb3 Bxc3 20. bxc3 Nxf3+ 21. Kh1 Qf6 22. Bd7 Rc7 23. Qa4 Rxd7 24. Qxd7 Bc6 25. Qc7 Qxf5 26. Qxc6 Nf6 27. Qc7 Ne4 28. Be1 Qe5 29. Qxe5 Nxe5 30. Rxd5 Nc4 31. Rd4 Nxe3 32. Rf3 Nc2 33. Rxe4 Rd8 34. Rf2 Na3 35. Re7 Rd1 36. Rfxf7 Nc2 37. Rxg7+ Kf8 38. Rgf7+ Kg8 39. Kh2 Nxe1 40. Rg7+ Kf8 41. Ref7+ Ke8 42. Rxa7 Nd3 43. Rg8# 1-0


[Site "https://www.chess.com"]

[Event "Titled Tuesday Blitz April 05 Late 2022"]
[White "Vasquez Schroeder, Rodrigo"]
[Black "Al-Tarboush, Ward"]
[WhiteFideId "3400042"]
[BlackFideId "7601450"]
[WhiteElo "2561"]
[BlackElo "2276"]
[Result "1-0"]
[Round "01"]
[TimeControl "180+1"]
[Date "2022.04.05"]
[WhiteClock "0:01:19"]
[BlackClock "0:02:06"]

1. e4 e6 2. d4 d5 3. Nc3 Nf6 4. e5 Nfd7 5. Nce2 c5 6. c3 Nc6 7. f4 Be7 8. Nf3 f5 9. a3 b6 10. Neg1 Bb7 11. Bd3 Qc7 12. Ne2 O-O-O 13. Ng5 Bxg5 14. fxg5 Nf8 15. h4 h6 16. gxh6 gxh6 17. Be3 Ng6 18. Qd2 Na5 19. Qd1 Nc4 20. Bc1 Rhg8 21. b3 Na5 22. b4 Nc4 23. bxc5 bxc5 24. h5 Ne7 25. Nf4 Qa5 26. Bd2 Nxd2 27. Qxd2 cxd4 28. cxd4 Qxd2+ 29. Kxd2 Kd7 30. Rab1 Bc6 31. Rhc1 Rb8 32. Be2 Rxb1 33. Rxb1 Rg3 34. Bf3 Nc8 35. Ke3 Nb6 36. Kf2 Rg8 37. Be2 Nc4 38. Rc1 Nxa3 39. Ra1 Nc2 40. Rxa7+ Kc8 41. Nxe6 Kb8 42. Ra2 Bd7 43. Rb2+ Ka7 44. Nc5 1-0


[Site "https://www.chess.com"]

[Event "Titled Tuesday Blitz April 05 Late 2022"]
[White "Vidonyak, Roman"]
[Black "Demchenko, Anton"]
[WhiteFideId "14100622"]
[BlackFideId "4160258"]
[WhiteElo "2504"]
[BlackElo "2539"]
[Result "0-1"]
[Round "01"]
[TimeControl "180+1"]
[Date "2022.04.05"]
[WhiteClock "0:02:10"]
[BlackClock "0:02:21"]

1. d4 Nf6 2. c4 d6 3. Nc3 e5 4. dxe5 dxe5 5. Qxd8+ Kxd8 6. Nf3 Nc6 7. Bg5 Be6 8. O-O-O+ Kc8 9. Nd5 Nd7 10. e4 f6 11. Be3 Bc5 12. Be2 Bxe3+ 13. fxe3 Nc5 14. Nd2 a5 15. b3 Nb4 16. Kb2 Nbd3+ 17. Bxd3 Nxd3+ 18. Kc3 Nf2 19. Rhf1 Nxd1+ 20. Rxd1 b6 21. Nf3 Kb7 22. Kc2 a4 23. b4 c6 0-1


[Site "https://www.chess.com"]

[Event "Titled Tuesday Blitz April 05 Late 2022"]
[White "Ward, Ieuan C"]
[Black "Potapova, Margarita"]
[WhiteFideId "406627"]
[BlackFideId "14126869"]
[WhiteElo "2293"]
[BlackElo "2216"]
[Result "1-0"]
[Round "01"]
[TimeControl "180+1"]
[Date "2022.04.06"]
[WhiteClock "0:00:19"]
[BlackClock "0:00:03"]

1. d4 Nf6 2. c4 c5 3. d5 e6 4. Nc3 exd5 5. cxd5 d6 6. e4 g6 7. Nf3 Bg7 8. h3 O-O 9. Bd3 b5 10. O-O c4 11. Bc2 b4 12. Nb5 a6 13. Nbd4 Re8 14. Re1 Qc7 15. Bf4 Nbd7 16. Rc1 Nc5 17. e5 Nxd5 18. exd6 Rxe1+ 19. Qxe1 Qd7 20. Bg3 Bb7 21. Ne5 Qxd6 22. Nxc4 Nf4 23. Ne2 Nxh3+ 24. Kh2 Qc6 25. f3 Ng5 26. Qxb4 Nxf3+ 27. gxf3 Qxf3 28. Nf4 Bh6 29. Qc3 Qg4 30. Rf1 Re8 31. Ne5 Qc8 32. Nxf7 Kxf7 33. Nh5+ Ke6 34. Qe5+ Kd7 35. Qd6# 1-0


[Site "https://www.chess.com"]

[Event "Titled Tuesday Blitz April 05 Late 2022"]
[White "Wieczorek, Oskar"]
[Black "Araujo Filho, Luiz Antonio Coel"]
[WhiteFideId "1133950"]
[BlackFideId "2130661"]
[WhiteElo "2319"]
[BlackElo "2257"]
[Result "1-0"]
[Round "01"]
[TimeControl "180+1"]
[Date "2022.04.06"]
[WhiteClock "0:00:09"]
[BlackClock "0:00:01"]

1. Nf3 f5 2. h3 Nf6 3. d4 g6 4. Bf4 Bg7 5. e3 O-O 6. g4 fxg4 7. hxg4 Nxg4 8. Ng5 Nf6 9. Bd3 d5 10. Be5 h6 11. Nf3 g5 12. Nbd2 Nbd7 13. c4 c6 14. cxd5 Nxd5 15. Bxg7 Kxg7 16. Nxg5 N7f6 17. Ngf3 Bg4 18. Rg1 Kh8 19. Be2 Bf5 20. Ne5 Qa5 21. a3 Rg8 22. Rh1 Kg7 23. b4 Qb6 24. Bd3 Bxd3 25. Nxd3 Qc7 26. Qf3 a5 27. Ne5 axb4 28. Qh3 Kf8 29. Qe6 Ke8 30. Ke2 1-0


[Site "https://www.chess.com"]

[Event "Titled Tuesday Blitz April 05 Late 2022"]
[White "Winkels, Marcel"]
[Black "Iskusnyh, Sergei"]
[WhiteFideId "1003887"]
[BlackFideId "4120027"]
[WhiteElo "1900"]
[BlackElo "2492"]
[Result "0-1"]
[Round "01"]
[TimeControl "180+1"]
[Date "2022.04.06"]
[WhiteClock "0:01:15"]
[BlackClock "0:01:55"]

1. e4 e6 2. d3 c5 3. f4 Nc6 4. g3 d6 5. Bg2 g6 6. Nf3 Bg7 7. O-O Nge7 8. Nc3 O-O 9. Be3 b6 10. d4 d5 11. dxc5 d4 12. cxb6 dxe3 13. Qe2 Qxb6 14. e5 Ba6 15. Qe1 Bxf1 16. Qxf1 e2+ 17. Qf2 Qxb2 18. Rb1 Qxc3 19. Qxe2 Nd4 20. Nxd4 Qxd4+ 21. Kh1 Rab8 22. Rd1 Qc5 23. h4 Nf5 24. Kh2 Rfd8 0-1


[Site "https://www.chess.com"]

[Event "Titled Tuesday Blitz April 05 Late 2022"]
[White "Xiong, Jeffery"]
[Black "Mkrtchyan, Mariam"]
[WhiteFideId "2047640"]
[BlackFideId "13310828"]
[WhiteElo "2727"]
[BlackElo "1984"]
[Result "1-0"]
[Round "01"]
[TimeControl "180+1"]
[Date "2022.04.05"]
[WhiteClock "0:00:32"]
[BlackClock "0:00:02"]

1. e4 c6 2. Nf3 d5 3. d3 dxe4 4. dxe4 Qxd1+ 5. Kxd1 Nf6 6. Nfd2 Ng4 7. Ke1 e5 8. h3 Nf6 9. Bd3 Be6 10. Nf3 Nbd7 11. Ng5 Nc5 12. Nxe6 Nxe6 13. Nd2 Bd6 14. c3 Nf4 15. Bf1 O-O-O 16. g3 Ne6 17. Bd3 Bc7 18. Ke2 h5 19. Bc4 h4 20. Bxe6+ fxe6 21. g4 Rd7 22. f3 Nh7 23. Nb3 b6 24. Be3 Rhd8 25. Bf2 g5 26. Be3 Bd6 27. a4 Be7 28. a5 Kb7 29. axb6 axb6 30. Ra4 c5 31. Rha1 Kc6 32. Nd2 Nf8 33. Nc4 Ng6 34. b4 cxb4 35. cxb4 Rb7 36. Rc1 Kb5 37. Nxb6 Rxb6 38. Ra5+ Kxb4 39. Bxb6 Nf4+ 40. Kf1 Rd2 41. Rb1+ Kc4 42. Ra4+ Kd3 43. Rb3+ Kc2 44. Ra2+ Kxb3 45. Rxd2 Kc4 46. Rd7 Bb4 47. Be3 Nxh3 48. Rg7 Bc5 49. Bxg5 Bd4 50. Kg2 Nf4+ 51. Bxf4 exf4 52. Rg6 e5 53. Rh6 1-0


[Site "https://www.chess.com"]

[Event "Titled Tuesday Blitz April 05 Late 2022"]
[White "Yuan, Qingyu"]
[Black "Przybylski, Wojciech"]
[WhiteFideId "8609772"]
[BlackFideId "1117599"]
[WhiteElo "2359"]
[BlackElo "2133"]
[Result "1-0"]
[Round "01"]
[TimeControl "180+1"]
[Date "2022.04.05"]
[WhiteClock "0:00:07"]
[BlackClock "0:00:03"]

1. e4 e5 2. Nf3 Nc6 3. Bc4 Nf6 4. d3 Be7 5. O-O O-O 6. Re1 h6 7. a3 a6 8. b4 b5 9. Bd5 Bd6 10. Bb2 Re8 11. Nbd2 a5 12. c4 axb4 13. cxb5 Nxd5 14. bxc6 Nf4 15. axb4 Rxa1 16. Qxa1 Nxd3 17. cxd7 Bxd7 18. Re3 Nxb4 19. Qc1 Nc6 20. Nc4 f6 21. Rd3 Nb4 22. Rd2 Bb5 23. Nxd6 cxd6 24. Qd1 Kh7 25. Qb3 Qa5 26. Bc3 Ra8 27. Bxb4 Qa1+ 28. Rd1 Bc4 29. Qc2 Qa6 30. h3 Rc8 31. Qd2 Be2 32. Qxd6 Qb5 33. Rd5 Qc4 34. Nd2 Qc1+ 35. Kh2 Bc4 36. Rc5 Rxc5 37. Qxc5 Qc2 38. Qxc4 Qd1 39. Qd5 Qe2 40. Nf3 Qxf2 41. Bd2 Qe2 42. Qc6 Qd3 43. Qe6 Qxe4 44. Qg4 Qd3 45. Be1 g6 46. Nh4 h5 47. Qe6 Qf1 48. Qf7+ Kh8 49. Nxg6# 1-0


[Site "https://www.chess.com"]

[Event "Titled Tuesday Blitz April 05 Late 2022"]
[White "Yurtseven, Melih"]
[Black "Kollars, Dmitrij"]
[WhiteFideId "6312160"]
[BlackFideId "12909572"]
[WhiteElo "2160"]
[BlackElo "2584"]
[Result "1/2-1/2"]
[Round "01"]
[TimeControl "180+1"]
[Date "2022.04.05"]
[WhiteClock "0:00:06"]
[BlackClock "0:00:19"]

1. Nf3 Nf6 2. g3 g6 3. Bg2 Bg7 4. O-O O-O 5. c4 Nc6 6. Nc3 d5 7. cxd5 Nxd5 8. d4 e5 9. Nxd5 e4 10. Nd2 Qxd5 11. Nxe4 Qxd4 12. Be3 Qxb2 13. Rb1 Qxa2 14. Nc5 Rd8 15. Qe1 Nd4 16. Bxd4 Bxd4 17. Nxb7 Bxb7 18. Rxb7 Bb6 19. Bf3 a5 20. Qc3 a4 21. Ra1 Qb3 22. Rxc7 Qxc3 23. Rxc3 Bd4 24. Bxa8 Rxa8 25. Rca3 Bxa1 26. Rxa1 Kg7 27. Kg2 Kf6 28. Kf3 Kf5 29. Ke3 Kg4 30. h4 Kh3 31. Ra3 Kg2 32. g4 Kh3 33. Kf4+ Kxh4 34. Ra1 Kh3 35. Ra3+ Kg2 36. f3 h6 37. e4 Kf2 38. Ke5 Ke2 39. Kf6 Ra7 40. e5 Kd2 41. e6 fxe6 42. Kxg6 Kc2 43. Kxh6 Kb2 44. Re3 Ra6 45. g5 a3 46. g6 a2 47. Re2+ Kc3 48. Re1 a1=Q 49. Rxa1 Rxa1 50. g7 Kd4 51. g8=Q Rh1+ 52. Kg7 Rg1+ 53. Kf7 Rxg8 54. Kxg8 Ke3 55. Kf7 e5 56. Kf6 Kf4 57. Ke6 e4 58. fxe4 Kxe4 1/2-1/2


[Site "https://www.chess.com"]

[Event "Titled Tuesday Blitz April 05 Late 2022"]
[White "Zherebtsova, Alexandra"]
[Black "Gelman, Alexander"]
[WhiteFideId "24129518"]
[BlackFideId "4118316"]
[WhiteElo "2025"]
[BlackElo "2375"]
[Result "1-0"]
[Round "01"]
[TimeControl "180+1"]
[Date "2022.04.06"]
[WhiteClock "0:00:11"]
[BlackClock "0:00:51"]

1. d4 Nf6 2. Nf3 c5 3. d5 e6 4. Nc3 b5 5. e4 b4 6. Nb5 a6 7. dxe6 axb5 8. exf7+ Kxf7 9. e5 Bb7 10. exf6 gxf6 11. Bxb5 Rg8 12. Nh4 Qe7+ 13. Be3 Qe5 14. Bxd7 Bh6 15. Bb5 Bxe3 16. Bc4+ Kg7 17. fxe3 Qxe3+ 18. Qe2 Re8 19. Nf5+ Kh8 20. Nxe3 Nc6 21. O-O Nd4 22. Qf2 Re4 23. Rae1 f5 24. Qg3 Ra6 25. Nxf5 Rg6 26. Qb8+ Rg8 27. Qxb7 Reg4 28. Ng3 1-0


[Site "https://www.chess.com"]

[Event "Titled Tuesday Blitz April 05 Late 2022"]
[White "Zhou, Qiyu"]
[Black "Li, Ben"]
[WhiteFideId "505161"]
[BlackFideId "2089980"]
[WhiteElo "1925"]
[BlackElo "2267"]
[Result "0-1"]
[Round "01"]
[TimeControl "180+1"]
[Date "2022.04.06"]
[WhiteClock "0:00:12"]
[BlackClock "0:00:10"]

1. e4 e5 2. Nf3 Nf6 3. Nxe5 d6 4. Nc4 Nxe4 5. Nc3 Nxc3 6. dxc3 g6 7. Bd3 Bg7 8. Bf4 O-O 9. Qd2 Re8+ 10. Ne3 d5 11. O-O-O d4 12. Bc4 Qh4 13. Nd5 dxc3 14. Nxc3 Nc6 15. g3 Qh5 16. Qd5 Bg4 17. Qxf7+ Kh8 18. Rd5 Qh3 19. Bd2 Re7 20. Qf4 Rf8 21. Qg5 Bf3 22. Re1 Rxe1+ 23. Bxe1 Bxd5 24. Nxd5 Qxh2 25. Nxc7 Qh1 26. Qe3 Nd4 27. Bd5 Qh6 28. Bd2 Qxe3 29. Bxe3 Rc8 30. Ne6 Nxc2 31. Bxb7 Rb8 32. Kxc2 Rxb7 33. Nxg7 Kxg7 34. Bd4+ Kf7 35. Kc3 Ke6 36. b4 Rc7+ 37. Kd3 Kd5 38. Be3 h5 39. Bc5 a6 40. a3 g5 41. Be3 h4 42. Bxg5 h3 43. Bf4 h2 44. Bxc7 h1=Q 45. Bf4 Qa1 0-1


[Site "https://www.chess.com"]

[Event "Titled Tuesday Blitz April 05 Late 2022"]
[White "Abdyzhapar, Asylbek"]
[Black "Ozates, Tuna"]
[WhiteFideId "13800337"]
[BlackFideId "6354521"]
[WhiteElo "2331"]
[BlackElo "1887"]
[Result "1-0"]
[Round "02"]
[TimeControl "180+1"]
[Date "2022.04.05"]
[WhiteClock "0:01:28"]
[BlackClock "0:00:12"]

1. d4 Nf6 2. Bg5 Ne4 3. Bf4 d6 4. f3 Nf6 5. e4 e5 6. dxe5 Nh5 7. Be3 dxe5 8. Qxd8+ Kxd8 9. Bc4 Ke8 10. Ne2 Bd6 11. Nbc3 a6 12. O-O-O Nd7 13. a4 Nhf6 14. g4 h6 15. h4 Nc5 16. Ng3 Be6 17. Be2 g6 18. g5 hxg5 19. hxg5 Rxh1 20. Rxh1 Ng8 21. a5 Kf8 22. Rh7 c6 23. Nf1 Bd7 24. Nd2 Ne6 25. Nc4 Bc7 26. Na4 Re8 27. Nc5 Nxc5 28. Bxc5+ Re7 29. Rh8 Bd8 30. Nxe5 Kg7 31. Rxg8+ Kxg8 32. Bxe7 Bxe7 33. Nxd7 Bxg5+ 34. Kd1 Bd8 35. b4 Kg7 36. Nc5 f5 37. Nxb7 Be7 38. c3 fxe4 39. fxe4 Kf6 40. Bxa6 Ke5 41. Bd3 1-0


[Site "https://www.chess.com"]

[Event "Titled Tuesday Blitz April 05 Late 2022"]
[White "Agasarov, Benik"]
[Black "Horcajuelo Rocamora, Martin"]
[WhiteFideId "13314823"]
[BlackFideId "24573027"]
[WhiteElo "2529"]
[BlackElo "2301"]
[Result "1-0"]
[Round "02"]
[TimeControl "180+1"]
[Date "2022.04.06"]
[WhiteClock "0:01:32"]
[BlackClock "0:01:16"]

1. e4 e5 2. Nf3 Nc6 3. Bb5 Nf6 4. d3 Be7 5. O-O d6 6. h3 a6 7. c3 axb5 8. Nbd2 O-O 9. d4 Re8 10. Qb3 Bd7 11. Ng5 Rf8 12. f4 exd4 13. Ndf3 h6 14. e5 hxg5 15. exf6 Bxf6 16. fxg5 Be7 17. cxd4 Na5 18. Qc2 g6 19. Bf4 Bf5 20. Qf2 Kg7 21. Rae1 Qd7 22. b3 Nc6 23. d5 Na7 24. Qd4+ f6 25. g4 Bxg4 26. hxg4 Qxg4+ 27. Kf2 Qd7 28. Re6 Nc6 29. Qe3 fxg5 30. dxc6 gxf4 31. Rxe7+ Rf7 32. Qd4+ Kg8 33. Rxd7 Re7 34. Rxe7 1-0


[Site "https://www.chess.com"]

[Event "Titled Tuesday Blitz April 05 Late 2022"]
[White "Al-Tarboush, Ward"]
[Black "Szente Varga, Fruzsina"]
[WhiteFideId "7601450"]
[BlackFideId "712264"]
[WhiteElo "2276"]
[BlackElo "1994"]
[Result "1-0"]
[Round "02"]
[TimeControl "180+1"]
[Date "2022.04.06"]
[WhiteClock "0:00:22"]
[BlackClock "0:00:10"]

1. e4 e5 2. Nf3 Nc6 3. Bb5 a6 4. Ba4 Nf6 5. O-O Be7 6. Qe2 b5 7. Bb3 O-O 8. c3 Na5 9. Bc2 d6 10. d4 exd4 11. cxd4 Bg4 12. h3 Bxf3 13. Qxf3 c5 14. e5 dxe5 15. dxe5 Nd7 16. Rd1 g6 17. Qg4 Ra7 18. Bh6 Re8 19. e6 fxe6 20. Qxe6+ Kh8 21. Qf7 Bf6 22. Nc3 Nc6 23. Ne4 Nce5 24. Qd5 Bg7 25. Bxg7+ Kxg7 26. Nd6 Rf8 27. Re1 Qf6 28. Ne4 Qf4 29. Rad1 Nb6 30. Qe6 Nbc4 31. b3 Na3 32. Nxc5 Qxf2+ 33. Kh1 Qxc5 34. Rd5 Qxc2 35. Qxe5+ Kg8 36. Qe6+ Raf7 37. Rd7 Qf2 38. Red1 Kg7 39. Qe5+ Qf6 40. Qc5 Nc2 41. Qxc2 b4 42. Qc4 Kh8 43. Rxf7 Rxf7 44. Qxb4 Qf2 45. Qc3+ Kg8 46. Rd8+ Rf8 47. Qc4+ Kg7 48. Qc3+ Kh6 49. Rd1 Qe2 50. Qc1+ Kg7 51. Rd7+ Rf7 52. Qc3+ Kg8 53. Rd8+ Rf8 54. Rxf8+ Kxf8 55. Qh8+ Ke7 56. Qxh7+ Kf6 57. Qh4+ Kg7 58. Qd4+ Kh7 59. a4 Qf1+ 60. Kh2 Qe2 61. b4 Qc2 62. b5 axb5 63. axb5 Qc7+ 64. Kg1 Qc1+ 65. Kf2 Qc2+ 66. Ke1 Qb1+ 67. Kf2 Qxb5 68. Qh4+ Kg7 69. Qe7+ Kh6 70. Qf8+ Kh7 71. Qf4 Qb2+ 72. Kg1 Qb1+ 73. Kh2 Qd3 74. h4 Qd5 75. Kh3 Qe6+ 76. Kh2 Kg7 77. Qg5 Qd6+ 78. Qg3 Qd5 79. Qg5 Qd6+ 80. Kh3 Qd3+ 81. g3 Qd7+ 82. Qg4 Qd5 83. Qf4 Qh1+ 84. Kg4 Qd1+ 85. Qf3 Qd7+ 86. Kf4 Qd4+ 87. Qe4 Qf6+ 88. Kg4 Qf7 89. Qe5+ Kh7 90. h5 Qd7+ 91. Kh4 Qd8+ 92. Qg5 Qd4+ 93. Qg4 Qf6+ 94. Kh3 g5 95. Qe4+ Kh6 96. Kg4 Qf7 97. Qc6+ Kh7 98. Kxg5 Qe7+ 99. Qf6 Qe3+ 100. Qf4 Qe7+ 101. Kg4 Qe6+ 102. Kh4 Qe7+ 103. Qg5 Qe4+ 104. Qg4 Qh1+ 105. Kg5 Qc1+ 106. Qf4 Qc2 107. Qf5+ 1-0


[Site "https://www.chess.com"]

[Event "Titled Tuesday Blitz April 05 Late 2022"]
[White "Ambartsumova, Karina"]
[Black "Vasquez Schroeder, Rodrigo"]
[WhiteFideId "4166299"]
[BlackFideId "3400042"]
[WhiteElo "2262"]
[BlackElo "2561"]
[Result "0-1"]
[Round "02"]
[TimeControl "180+1"]
[Date "2022.04.05"]
[WhiteClock "0:00:04"]
[BlackClock "0:01:01"]

1. d4 Nf6 2. Nf3 e6 3. c4 c5 4. Nc3 cxd4 5. Nxd4 Bb4 6. Nb5 O-O 7. a3 Bxc3+ 8. Nxc3 d5 9. cxd5 exd5 10. Bg5 d4 11. Ne4 Bf5 12. Nxf6+ gxf6 13. Bh6 Re8 14. Qd2 Nc6 15. Rd1 Qd5 16. e3 Rad8 17. Rg1 Ne5 18. Be2 d3 19. Bf3 Be4 20. Bxe4 Qxe4 21. Bf4 Rd7 22. f3 Qf5 23. e4 Qe6 24. Qf2 b6 25. Qg3+ Kh8 26. Bh6 Rg8 27. Qf4 Ng6 28. Qe3 Rgd8 29. Rd2 Ne5 30. Qf4 Nc4 31. Rd1 d2+ 32. Kf2 Nxb2 33. g4 Nd3+ 0-1


[Site "https://www.chess.com"]

[Event "Titled Tuesday Blitz April 05 Late 2022"]
[White "Araujo Filho, Luiz Antonio Coel"]
[Black "Mikhalsky, Vladimir"]
[WhiteFideId "2130661"]
[BlackFideId "14144352"]
[WhiteElo "2255"]
[BlackElo "2301"]
[Result "0-1"]
[Round "02"]
[TimeControl "180+1"]
[Date "2022.04.06"]
[WhiteClock "0:00:01"]
[BlackClock "0:00:10"]

1. d4 Nf6 2. Nf3 g6 3. c4 Bg7 4. Nc3 O-O 5. e4 d6 6. Be2 e5 7. dxe5 dxe5 8. O-O c6 9. Qc2 Qc7 10. Rd1 a5 11. h3 Na6 12. Be3 Nh5 13. a3 Nf4 14. Bf1 Qe7 15. Rab1 Nc5 16. b4 axb4 17. axb4 Nce6 18. b5 c5 19. Nd5 Nxd5 20. exd5 Nd4 21. Nxd4 cxd4 22. Bd2 Bf5 23. Qb2 Bxb1 24. Bb4 Qg5 25. Bxf8 Bxf8 26. Rxb1 b6 27. Re1 Bc5 28. Bd3 Re8 29. g3 f5 30. h4 Qf6 31. f3 e4 32. fxe4 f4 33. Qf2 Bd6 34. Qf3 Ra8 35. e5 Bxe5 36. d6 Re8 37. Qd5+ Kg7 38. d7 Rd8 39. Qxe5 fxg3 40. Qxf6+ Kxf6 41. Kg2 Rxd7 42. Kxg3 Ra7 43. Rf1+ Ke5 44. Rf3 Ra3 45. h5 gxh5 46. Bxh7 h4+ 47. Kg2 Ra2+ 48. Kh3 Kd6 49. Bd3 Kc5 50. Kxh4 Kb4 51. Kg4 Rg2+ 52. Kf4 Rg7 53. Ke4 Rd7 54. Bf1 Kc5 55. Rf5+ Kb4 56. Kd3 Re7 57. Rf3 Rd7 58. Rf4 Kc5 59. Be2 Re7 60. Re4 Rh7 0-1


[Site "https://www.chess.com"]

[Event "Titled Tuesday Blitz April 05 Late 2022"]
[White "Arias, Juan Cruz"]
[Black "Pakleza, Zbigniew"]
[WhiteFideId "118540"]
[BlackFideId "1119290"]
[WhiteElo "2091"]
[BlackElo "2467"]
[Result "0-1"]
[Round "02"]
[TimeControl "180+1"]
[Date "2022.04.05"]
[WhiteClock "0:00:12"]
[BlackClock "0:00:08"]

1. d4 d6 2. e4 Nf6 3. Nc3 c6 4. a4 Nbd7 5. Nge2 e5 6. g3 b6 7. Bg2 a6 8. O-O Bb7 9. h3 b5 10. g4 b4 11. Nb1 Qc7 12. Re1 g6 13. Nd2 Bg7 14. Nb3 O-O 15. Ng3 h6 16. h4 Rfe8 17. g5 hxg5 18. hxg5 Nh7 19. a5 exd4 20. Nxd4 c5 21. Nf3 Rad8 22. Bf4 Bxb2 23. Bxd6 Qc6 24. Rb1 Bc3 25. Re3 Ne5 26. Rxc3 Rxd6 27. Rd3 Nxd3 28. cxd3 Qb5 29. Bf1 Qxa5 30. Qc1 Qb6 31. Nh2 Bc8 32. Be2 a5 33. Bg4 Rxd3 34. Bxc8 Rxc8 35. Ng4 Qd8 36. Nh6+ Kf8 37. Qc4 Nxg5 38. Kg2 Kg7 39. Rh1 Qd4 40. Qa6 Rxg3+ 41. Kxg3 Nxe4+ 42. Kf3 Qxf2+ 43. Kxe4 Re8+ 44. Kd5 Qf3+ 45. Kc4 Qxh1 46. Ng4 Qf1+ 0-1


[Site "https://www.chess.com"]

[Event "Titled Tuesday Blitz April 05 Late 2022"]
[White "Arnold, Ken"]
[Black "Pinheiro, Iung Alicio de O."]
[WhiteFideId "2056836"]
[BlackFideId "2104350"]
[WhiteElo "2212"]
[BlackElo "2549"]
[Result "0-1"]
[Round "02"]
[TimeControl "180+1"]
[Date "2022.04.06"]
[WhiteClock "0:00:20"]
[BlackClock "0:00:34"]

1. d4 Nf6 2. Nf3 g6 3. c4 Bg7 4. Nc3 d5 5. cxd5 Nxd5 6. e3 O-O 7. Bc4 Nxc3 8. bxc3 c5 9. O-O Qc7 10. Be2 b6 11. Bb2 Bb7 12. a4 Nc6 13. Qb3 Na5 14. Qa2 Rfd8 15. Rfc1 Rac8 16. Ba3 Bd5 17. c4 Bxf3 18. Bxf3 cxd4 19. c5 dxe3 20. cxb6 Qxb6 21. Rab1 Rxc1+ 22. Bxc1 exf2+ 23. Kf1 Qd4 24. Rb5 Qc3 0-1


[Site "https://www.chess.com"]